cohdb
Replays
Latest Replays
All Replays
Popular Replays
Top Player Replays
Match Explorer
How It Works
Community
CoH3 Stats
Reddit
Sign in to upload your games and track your stats! →
Sign in with Steam
Match 43525235
Unlisted
Match 43525235
Overview
Messages
Build Orders
End
Royal Engineer Section
Construct Section Command Post
Dingo Light Scout Car
Infantry Section
Infantry Section
Grenade Package
Selects Canadian Shock Battlegroup
Selects Canadian Shock Battlegroup
Selects Incendiary Munitions
Construct Platoon Command Post
Humber Armored Car
Selects Offensive Resupply
Selects Canadian Shock Section
Selects Pyrotechnics
6-pounder Anti-tank Gun Team
Construct Field Infirmary
Infantry Section
Infantry Training
6-pounder Anti-tank Gun Team
Team Weapon Training
Construct Company Command Post
CMP 15cwt Truck
Infantry Section
Crusader II Medium Tank
Selects Smoke Operation
Smoke Operation
STALKER4732
ezh
kit.ohume
Devochkin
Katunar
[B2G] Sluchis III
DuckPuncher
Dinglebop
0
0
Comments
sign in to comment!
No comments posted yet!